[Event "Lliga Catalana DH 2023"]
[Site "Catalonia"]
[Date "2023.02.11"]
[Round "4.6"]
[White "Bernado Lopez, Roger"]
[Black "Salgado Allaria, Carlos"]
[Result "1-0"]
[ECO "B40"]
[WhiteElo "2167"]
[BlackElo "2234"]
[Annotator "TA"]
[PlyCount "143"]
[EventDate "2023.01.24"]
[EventType "team-tourn"]
[EventCountry "ESP"]
[SourceTitle "playchess.com"]
[Source "ChessBase"]
[SourceQuality "1"]
[TimeControl "40/5400+30:1800+30"]

1. e4 c5 2. Nf3 e6 3. d4 cxd4 4. Nxd4 Qb6 5. Be3 Bc5 6. Na3 {[%emt 0:00:09] B40: Sicilian: 2...e6, Unusual lines.} Bxa3 (6... Qa5+ $11 7. Bd2 Qd8) 7. bxa3 $16 Qa5+ 8. Bd2 {[%emt 0:05:21] White is better.} Qe5 9. Nb5 {[%emt 0:03:37] aiming for Bd3.} a6 10. Bc3 $1 {[%emt 0:07:28][%mdl 64] Skewer} (10. Nc3 $6 Nc6 $11) 10... Qxe4+ 11. Qe2 Qxe2+ 12. Bxe2 Kf8 {[%emt 0:06:28] Black is weak on the dark squares} 13. Nc7 Ra7 14. Bd4 {[%emt 0:00:44] White has more active pieces. This pair of bishops is nice.} b6 15. Bxb6 Rb7 {[%emt 0:00:06] [#]} 16. Bc5+ $146 (16. Bxa6 $2 Nxa6 17. Nxa6 Rxb6 $19) (16. Rb1 $1 $16) ({Predecessor:} 16. Rb1 d6 17. Bf3 d5 18. Bc5+ Ne7 19. Rxb7 Bxb7 20. Kd2 Nd7 21. Bd6 h5 22. Rb1 {1-0 Manik,M (2474)-Papp,G (2474) AUT-chT2O 0506 2005 (6.1)}) 16... Ne7 $14 17. Nxa6 (17. Bxa6 $2 Rxc7 18. Bxe7+ Kxe7 $19) 17... Nxa6 {[%emt 0:02:42][%mdl 64] Remove Defender} 18. Bxa6 Rc7 19. Bxc8 Rxc5 20. Bxd7 Rxc2 21. Ba4 $36 {[%emt 0:00:36][%mdl 2048] Black is under pressure.} Rb2 (21... Rc8 $14) 22. O-O-O $16 Rb8 {[%emt 0:01:03] Prevents Rd8+} 23. Rd7 g6 24. Rhd1 Nd5 25. Bb3 Kg7 26. Rd3 (26. Bxd5 $6 Rhc8+ 27. Kd2 exd5 $11) 26... Rhc8+ 27. Kb2 Nb6 28. Ra7 Nc4+ 29. Ka1 Ne5 {[%emt 0:01:30] ( -> ...Rc1+)} 30. Rd1 {[%emt 0:04:14] Prevents Rc1+.} Kf6 31. Ra4 Rc3 32. Rf4+ Ke7 33. Rfd4 (33. Re4 $5 Kf6 34. Kb2 $14) 33... Rb7 34. a4 Rc5 35. Kb1 Nc6 36. Rh4 Na5 37. Kb2 ({Reject} 37. Rxh7 Nxb3 38. axb3 Rxb3+ 39. Ka2 Rb4 $15) (37. Rd3 $5 ) 37... h5 (37... Nc4+ $11 38. Kb1 (38. Ka1 Na5 $11) 38... Na5) 38. Ka3 Rc3 39. Rb4 Rbc7 {[%emt 0:00:07] ...Nc4+ is the strong threat.} 40. Rbd4 Rb7 41. Kb2 Rc5 42. R4d3 Nc4+ 43. Ka1 {[%emt 0:00:14] Strongly threatening Rc3.} Na5 44. Kb1 Rc4 45. Kb2 Rc5 46. Rc3 Re5 47. Rd2 Re4 48. Rdc2 Kf6 (48... Rh4 $16) 49. Ka3 Reb4 $2 {[%emt 0:00:42] Black cannot hold the game after this.} (49... Rd7 $16 50. Rc5 Nb7) 50. Rf3+ $18 Kg7 51. Rc5 Nxb3 52. axb3 {[%emt 0:00:07][%mdl 4096] Endgame KRR-KRR} Re4 53. Rc2 Re1 54. Ra2 Rb1 $2 (54... Re4 {was called for.} 55. Rd3 Rb8) 55. a5 e5 56. Rc3 e4 57. Ka4 f5 58. a6 Ra7 59. Ka5 Rd1 60. b4 f4 61. b5 Rd5 62. Rac2 {[%emt 0:00:53] And now Rc7+ would win.} Kh6 63. Rc7 Ra8 64. Rc8 Ra7 65. R2c7 Rxc7 66. Rxc7 {[%emt 0:00:01] KR-KR} Rd2 67. Re7 f3 68. gxf3 exf3 69. a7 {[%emt 0:00:59] White mates.} Rxf2 70. Kb6 (70. a8=R Ra2+ 71. Kb4 Rxa8 $11) 70... Ra2 71. Rf7 f2 {[%emt 0:00:06] [#]} 72. Rxf2 $3 {[%emt 0:00:40][%mdl 512] Weighted Error Value: White=0.16 (very precise) /Black=0.34} 1-0

[Event "Lliga Catalana DH 2023"]
[Site "Catalonia"]
[Date "2023.02.11"]
[Round "4.6"]
[White "Pros Heras, Jordi"]
[Black "Baches Garcia, Guillermo"]
[Result "0-1"]
[ECO "E20"]
[WhiteElo "2054"]
[BlackElo "2328"]
[Annotator "TA"]
[PlyCount "52"]
[EventDate "2023.01.24"]
[EventType "team-tourn"]
[EventCountry "ESP"]
[SourceTitle "playchess.com"]
[Source "ChessBase"]
[SourceQuality "1"]
[TimeControl "40/5400+30:1800+30"]

1. d4 Nf6 2. c4 e6 3. Nc3 Bb4 4. f3 Nc6 5. e4 d5 6. e5 {E20: Nimzo-Indian: 4 g3 and 4 f3.} Ng8 7. a3 Bxc3+ 8. bxc3 {The position is equal.} dxc4 9. f4 (9. Nh3 $11) 9... Na5 $15 10. Nf3 {[#]} Ne7 $146 ({Predecessor:} 10... Bd7 11. a4 Bc6 12. Be2 Ne7 13. O-O Qd5 14. Rf2 Nf5 15. Ne1 Nb3 16. Ra2 Nxc1 17. Qxc1 {½-½ Kantorik,M (2272)-Galyas,M (2419) Salgotarjan Balazs Memorial op 2003 (2)}) 11. Bxc4 {[%mdl 64] Decoy} Nxc4 12. Qa4+ Bd7 13. Qxc4 Bc6 14. O-O Qd7 {...Bb5 is the strong threat.} 15. Qe2 O-O-O 16. Bd2 Bd5 17. a4 f5 18. Be1 h6 19. Nd2 {[#]} ({White should play} 19. Bd2 $15) 19... g5 $1 $17 20. Qb5 {[#] This move loses the game for White.} (20. c4 $17 Bc6 {[%mdl 64] Discovered Attack} 21. Nb3) 20... Bc6 $1 $19 21. Qc5 {[#]} Qd5 $1 22. Qxd5 (22. Nf3 Qxc5) 22... Nxd5 23. fxg5 hxg5 24. Nc4 Nf4 25. Ne3 {White is weak on the light squares} Rh7 26. Bg3 $2 (26. Rf2 {keeps fighting.}) 26... Ne2+ {Weighted Error Value: White=0.37/Black=0.08 (flawless)} 0-1

[Event "Lliga Catalana DH 2023"]
[Site "Catalonia"]
[Date "2023.02.11"]
[Round "4.7"]
[White "Garcia Jimenez, Francisco Javier"]
[Black "Saumoy Poch, Salvador"]
[Result "1-0"]
[ECO "C01"]
[WhiteElo "2230"]
[BlackElo "2002"]
[Annotator "TA"]
[PlyCount "53"]
[EventDate "2023.01.24"]
[EventType "team-tourn"]
[EventCountry "ESP"]
[SourceTitle "playchess.com"]
[Source "ChessBase"]
[SourceQuality "1"]
[TimeControl "40/5400+30:1800+30"]

1. e4 e6 2. d4 d5 3. exd5 exd5 4. c4 c6 5. Nc3 Nf6 6. Bd3 Be7 7. Nge2 {C01: French: Exchange Variation.} Nbd7 8. cxd5 Nxd5 9. Nxd5 {White is slightly better.} cxd5 10. O-O O-O {[#]} 11. Ng3 $146 ({Predecessor:} 11. Re1 Nf6 12. Ng3 Re8 13. Bd2 Qb6 14. Bg5 Bd7 15. Bxf6 Bxf6 16. Qh5 g6 17. Qxd5 {0-1 Weissmueller,K (1669)-Niebler,A (1793) Mittelfranken-chTB2b 0910 2009 (4.7)}) 11... Nf6 (11... Nb8 {with more complications.} 12. Nh5 Nc6 13. Re1 Bb4) 12. Bf4 Bd6 13. Be5 Bxe5 14. dxe5 Ng4 15. h3 Nxe5 {[#]} 16. Bxh7+ $1 {[%mdl 64] Decoy} Kxh7 17. Qh5+ Kg8 {...f6 is the strong threat.} 18. Qxe5 Re8 19. Qd4 Qg5 20. Rae1 Rxe1 21. Rxe1 {[%cal Bf1e1,Be1e3,Be3g3][%mdl 32] Black must now prevent Re8+.} Be6 22. Kh2 $40 {[%mdl 128] Black needs to defend precisely.} Qd8 {[#]} ({Better is} 22... Qf6 $14 23. Qxf6 gxf6) 23. Nh5 $1 $18 Qf8 24. Re3 Qd6+ (24... Bf5 $16 {is tougher.} 25. Qxd5 Bg6) 25. f4 f6 26. Rg3 Qb6 27. Qxf6 {Weighted Error Value: White=0.04 (flawless) /Black=0.91} 1-0

[Event "Lliga Catalana DH 2023"]
[Site "Catalonia"]
[Date "2023.02.11"]
[Round "4.7"]
[White "Nadal Fajardo, Ricard"]
[Black "Jimenez Ruano, Adrian"]
[Result "1-0"]
[ECO "D00"]
[WhiteElo "2024"]
[BlackElo "2235"]
[Annotator "TA"]
[PlyCount "137"]
[EventDate "2023.01.24"]
[EventType "team-tourn"]
[EventCountry "ESP"]
[SourceTitle "playchess.com"]
[Source "ChessBase"]
[SourceQuality "1"]
[TimeControl "40/5400+30:1800+30"]

1. d4 Nf6 2. Bg5 d5 3. e3 g6 4. Bxf6 exf6 5. Nd2 Bg7 6. g3 {[%emt 0:00:50] [#] D00: 1 d4 d5: Unusual lines.} h5 $146 ({Predecessor:} 6... O-O 7. Bg2 c6 8. Ne2 Be6 9. Nf4 Nd7 10. c4 dxc4 11. Nxe6 fxe6 12. Nxc4 Nb6 13. Qb3 Nxc4 14. Qxc4 {1-0 Andreikin,D (2725)-Vaishali,R (2393) Titled Tuesday intern op 16th Feb blitz 2021 (2)}) 7. h4 Bg4 8. Be2 {[%emt 0:00:30] The position is equal.} Bf5 9. Bd3 Qd7 10. Ne2 (10. Bxf5 $142 Qxf5 11. Ne2) 10... Nc6 (10... Bxd3 $5 11. cxd3 $8 Na6 $11) 11. a3 Na5 (11... Bxd3 $11 {deserves consideration.} 12. cxd3 Ne7) 12. Nb3 (12. Bxf5 $14 Qxf5 13. c3) 12... Nxb3 $11 13. cxb3 Bg4 14. Qc2 Bf3 15. Rh2 O-O 16. O-O-O (16. b4 $11) 16... f5 17. Kb1 Rac8 18. Rc1 c6 19. Ng1 Be4 20. Bxe4 dxe4 21. Ne2 Rfd8 (21... a5 $5 ) 22. Rhh1 Qe6 23. Rhd1 Qf6 (23... a5 $15) 24. Rd2 (24. b4 $11) 24... Kh7 (24... a5 $15) 25. b4 Ra8 26. Qb3 Bf8 27. Rdc2 a6 28. Nc3 Kg7 29. Na4 Qe6 30. Qc3 Kg8 31. Rd2 Re8 ({Better is} 31... Rab8 $11) 32. Rcd1 (32. Nc5 $14 Qe7 33. d5 cxd5 34. Rxd5) 32... Bg7 33. Nc5 Qe7 34. Qb3 Rad8 (34... b6 $5 35. Na4 Qc7 $11) 35. d5 {[%emt 0:02:50] [#] aiming for d6.} cxd5 36. Rxd5 Rxd5 37. Qxd5 b5 (37... b6 $11 {keeps the balance.} 38. Na4 f4) 38. Rd2 {[%emt 0:01:44] White is more active.} (38. Nxa6 $2 Qf6 39. Rd2 Qxa6 $19) (38. Qd6 $16) 38... f4 $1 39. exf4 {[%emt 0:05:47] And now Re2 would win.} (39. gxf4 {simplifies} Qxh4 40. Qd7 Qe7 41. Nxa6 Qxd7 42. Rxd7 Bf6 43. Kc2) 39... e3 40. fxe3 Qxe3 41. Qd3 Qg1+ 42. Ka2 Re3 {[%emt 0:00:44] Inhibits f5.} 43. Qd8+ Kh7 44. Qd5 $36 {[%emt 0:00:49][%mdl 2048] Black is under pressure.} (44. Nxa6 Rxa3+ 45. bxa3 Qa1+ 46. Kb3 Qb1+) 44... Rxg3 $2 (44... Qc1 $11) 45. Ne4 ({Worse is} 45. Nxa6 Rh3 $11) 45... Re3 {[%emt 0:00:43][%mdl 8192] [#] Loses the game.} (45... f5 $16 46. Ng5+ (46. Nxg3 Qxg3 47. Qe6 Qxh4 $14) 46... Rxg5 47. hxg5 (47. fxg5 Qe1 $16) 47... Qf1) 46. Ng5+ Kh6 47. Nxf7+ ({Not} 47. Qxf7 Rxa3+ 48. Kxa3 Qe3+ 49. Qb3 Qxd2 $11) 47... Kh7 48. Ng5+ Kh6 49. Qg8 Rxa3+ 50. Kxa3 Qa1+ 51. Qa2 Qe1 52. Rd7 a5 53. bxa5 Bf8+ 54. Kb3 Be7 55. Kc2 Qf2+ 56. Rd2 (56. Kd3 $142 Qf1+ 57. Ke4 b4 58. Rxe7 Qe2+ 59. Kd4 Qxe7 60. Qg8 Qg7+ 61. Qxg7+ Kxg7 62. a6) 56... Qc5+ $18 57. Kd3 {[%emt 0:00:27] Qg8 would kill now.} Qf5+ 58. Ne4 {[%emt 0:00:35] Qg8 would be deadly.} Qxf4 59. Rf2 Qc1 60. Qb3 Bxh4 61. Qc2 (61. Rf8 $142 Qc4+ 62. Qxc4 bxc4+ 63. Kxc4 Kg7 64. a6 Kxf8 65. a7 Kg8 66. a8=Q+ Kg7 67. Qe8) 61... Qa1 62. Rf7 Qa2 63. Qd2+ g5 64. Rf6+ Kg7 65. Qc3 Qb1+ 66. Qc2 (66. Kd4 $142 Qd1+ 67. Kc5 Qe1 68. Qd4 Qxe4 {[%mdl 64] Remove Defender} 69. Qxe4 Kxf6 70. Qd4+ Kg6 71. a6) 66... Qa2 67. Qc7+ {[%emt 0:00:20] White mates.} Kg8 68. Rg6+ Kf8 69. Qg7+ {[%emt 0:00:19] Weighted Error Value: White=0.19 (very precise) /Black=0.45} 1-0

[Event "Lliga Catalana DH 2023"]
[Site "Catalonia"]
[Date "2023.02.11"]
[Round "4.8"]
[White "Navarro Perez, Manuel"]
[Black "Vehi Bach, Victor Manuel"]
[Result "0-1"]
[ECO "B23"]
[WhiteElo "2004"]
[BlackElo "2242"]
[Annotator "TA"]
[PlyCount "46"]
[EventDate "2023.01.24"]
[EventType "team-tourn"]
[EventCountry "ESP"]
[SourceTitle "playchess.com"]
[Source "ChessBase"]
[SourceQuality "1"]
[TimeControl "40/5400+30:1800+30"]

1. e4 c5 2. Nc3 a6 3. a4 e6 4. Bc4 Nc6 5. f4 Nge7 6. d3 d5 {B23: Closed Sicilian: Lines without g3.} 7. Ba2 g6 8. Nf3 Bg7 {[%cal Ob7b5] The position is equal.} 9. O-O O-O 10. Qe1 {[#]} b5 $1 11. f5 (11. Bb1 $15) (11. Ne2 c4) 11... b4 $17 {[#]} (11... gxf5 $6 12. exd5 exd5 13. Qg3 $11 (13. axb5 axb5 14. Qg3 Nb4 $17)) 12. Qh4 $146 ({Predecessor:} 12. Ne2 exf5 13. Qh4 c4 14. exd5 Nxd5 15. Qxc4 Qb6+ 16. Kh1 Na5 17. Qh4 b3 18. cxb3 {0-1 Fryc,M (2196)-Haman,J (2222) CZE-chT2B 1819 2018 (7.5)}) 12... Nxf5 $19 ({Stronger than} 12... bxc3 13. f6 Bh8 14. bxc3 $14 (14. fxe7 Qxe7 15. Qxe7 Nxe7 $15)) 13. Qxd8 Rxd8 ({And not} 13... Nxd8 14. Nxd5 exd5 15. Bxd5 $11 (15. exf5 Bxf5 16. Bxd5 Rc8 $11)) 14. Nxd5 exd5 15. exf5 Bxf5 16. Bg5 {[#]} Rd7 17. Be3 Bxb2 (17... c4 $142 18. dxc4 dxc4 19. Bxc4 Na5) 18. Rab1 d4 19. Bh6 Bc3 20. Ng5 $2 {Now White is beyond hope.} (20. Nh4 $17 Be6 21. Bxe6 fxe6 22. Rf6) 20... Ne5 21. h3 {Dodges Ng4} (21. Nf3 {was called for.} Ng4 22. Bf4) 21... c4 $1 22. Rxf5 (22. Nf3 $142 b3 23. cxb3 Nxf3+ 24. Rxf3 cxd3 25. Rd1) 22... gxf5 23. dxc4 Rd6 {Weighted Error Value: White=0.51/Black=0.10 (very precise)} 0-1

[Event "Lliga Catalana DH 2023"]
[Site "Catalonia"]
[Date "2023.02.11"]
[Round "4.9"]
[White "Gonzalez Escudero, Josep"]
[Black "Prada Villagrasa, Pau Manel"]
[Result "1-0"]
[ECO "A03"]
[WhiteElo "1950"]
[BlackElo "1951"]
[Annotator "TA"]
[PlyCount "77"]
[EventDate "2023.01.24"]
[EventType "team-tourn"]
[EventCountry "ESP"]
[SourceTitle "playchess.com"]
[Source "ChessBase"]
[SourceQuality "1"]
[TimeControl "40/5400+30:1800+30"]

1. f4 d5 2. Nf3 c5 3. e3 e6 4. Be2 Nf6 5. O-O a6 6. b3 {[%emt 0:00:49] A03: Bird's Opening with 1...d5.} Nc6 7. Bb2 Bd6 8. Ne5 {[%emt 0:05:13] [#] The position is equal.} Ne7 $146 ({Predecessor:} 8... Qc7 9. Nxc6 Qxc6 10. d3 Qc7 11. Qe1 Bd7 12. Qg3 Be7 13. Nd2 O-O-O 14. Nf3 Rhg8 {1-0 Pisarek,J (1703)-Wiatrowski,Z (1880) POL-ch U16 Sypniewo 2022 (7)}) 9. c4 O-O 10. Bd3 Ng6 11. g4 (11. Qf3 $11) 11... Bxe5 (11... dxc4 $15 12. Nxg6 hxg6 13. Bxc4 Bd7) 12. fxe5 $11 Nd7 13. Bxg6 $1 hxg6 14. d4 (14. cxd5 $11 exd5 15. Qf3) 14... b5 ({Black should try} 14... dxc4 $17 15. Nc3 b5) 15. cxb5 (15. cxd5 $11 Bb7 16. Nc3) 15... axb5 $15 16. Nd2 Qg5 17. Qe2 (17. Rf4 $15 {is more appropriate.}) 17... Ba6 {[%emt 0:05:56] aiming for ...b4.} 18. b4 cxb4 19. Rf4 Nb6 20. Nb3 Nc4 (20... Na4 $17) 21. Qf2 Ra7 22. h4 Qe7 23. Rf1 Rfa8 ({Better is} 23... Nb6 $15) 24. Bc1 $11 Bc8 25. g5 {[%emt 0:02:00] Black should prevent Qg3.} Qe8 $2 {[%emt 0:03:28] [#]} (25... Rxa2 $11 26. Rxf7 Rxf2 27. Rxe7 Rxf1+ 28. Kxf1 Ra2) 26. Qf3 $1 $18 Rc7 $2 (26... Rxa2 27. Rxf7 Bd7 28. h5 $18) (26... Qe7 {might work better.} 27. Qg4 Qf8) 27. Rf2 $2 (27. h5 $18 {and the rest is easy.}) 27... Na5 (27... Qe7 $16) 28. Bd2 $2 ({Only move:} 28. Nc5 $18 {And now h5 would win.} Qe7 29. h5 Qxg5+ 30. Rg4 Qxh5 31. Rh2 Qxh2+ 32. Kxh2) 28... Nxb3 $14 29. axb3 Ra3 $2 (29... Qe7 $14) 30. Bxb4 $18 Rxb3 {[%emt 0:00:04] Black is weak on the dark squares} (30... Raa7 $142 31. Bc5 Rxc5) 31. Bc5 Rb1+ 32. Kg2 {[%emt 0:00:24] Black must now prevent Kh2.} b4 {[%emt 0:03:26] [#]} 33. h5 $1 {[%emt 0:01:24] Threatens to win with hxg6.} b3 34. hxg6 b2 35. gxf7+ Rxf7 36. Rxf7 Rg1+ 37. Kxg1 b1=Q+ 38. Kg2 (38. Kh2 $142 Qf5 39. Rxf5 exf5 40. Qxd5+ Be6 41. Qf3 g6 42. Qh3 Bd5 43. Qh6) 38... Qe4 39. Qxe4 {[%emt 0:00:24] Excellently played by Gonzalez Escudero!   Weighted Error Value: White=0.41/Black=0.99} 1-0

[Event "Lliga Catalana DH 2023"]
[Site "Catalonia"]
[Date "2023.02.11"]
[Round "4.9"]
[White "Pang, Khai Jie Ryan"]
[Black "Ventos Navarro, Liberto"]
[Result "1-0"]
[ECO "B06"]
[WhiteElo "1841"]
[BlackElo "1956"]
[Annotator "TA"]
[PlyCount "99"]
[EventDate "2023.01.24"]
[EventType "team-tourn"]
[EventCountry "ESP"]
[SourceTitle "playchess.com"]
[Source "ChessBase"]
[SourceQuality "1"]
[TimeControl "40/5400+30:1800+30"]

1. e4 g6 2. d4 Bg7 3. Nf3 d6 4. Bc4 a6 5. O-O e6 6. Bb3 {B06: Modern Defence.} Ne7 7. c3 O-O 8. Nbd2 {[#] White is slightly better.} c5 $146 (8... b5 $14) ({Predecessor:} 8... Nd7 9. Re1 h6 10. Nf1 b6 11. Ng3 Bb7 12. Bd2 c5 13. h4 Kh8 14. Qe2 Ng8 {1-0 Gonzalez Vidal,Y (2559)-Shabalov,A (2584) US Masters op 2018 (9)}) 9. Re1 (9. dxc5 $16 {Hoping for Nc4.} dxc5 10. Nc4) 9... cxd4 $11 10. cxd4 d5 11. e5 Nbc6 12. Bc2 f6 13. exf6 Bxf6 14. Nb3 Qd6 15. Bh6 Re8 ({Black should try} 15... Rf7 $14) 16. Qe2 (16. Rc1 $16) 16... Bd7 $14 17. Rad1 (17. Qd2 $5 ) 17... Nf5 18. Bxf5 (18. Bg5 $14 {should be considered.} Bxg5 19. Nxg5) 18... exf5 $11 19. Qd2 Rxe1+ 20. Rxe1 Re8 21. Rxe8+ Bxe8 22. Bf4 Qe7 (22... Qb4 $5 ) 23. Bg5 Bxg5 24. Nxg5 h6 25. Nf3 Kg7 ({Better is} 25... g5 $11) 26. h4 $14 Qe4 27. Nc5 $36 {[%csl LRb7,LRe4][%mdl 2048] White is really pushing.} Qe7 28. Qf4 a5 29. Ne5 Nxe5 (29... g5 $14 30. hxg5 (30. Qxf5 $2 {too greedy.} Nxd4 31. Qg4 Qxc5 $19) 30... hxg5) 30. Qxe5+ $16 Qxe5 31. dxe5 $14 {[%mdl 4096] Endgame KB-KN} b6 32. Ne6+ Kf7 33. Nd4 {White is more active.} f4 34. g4 fxg3 35. f4 g5 36. hxg5 $18 h5 (36... hxg5 37. f5 Kg7) 37. f5 Kg7 38. Kg2 h4 39. Nf3 Bh5 40. Nxh4 d4 41. Kf1 $2 (41. Nf3 Bxf3+ 42. Kxg3 (42. Kxf3 $2 {is the wrong capture.} d3 $19) 42... Be4 43. f6+ Kf7 $19) (41. Kxg3 d3 42. Nf3) 41... d3 {[#] ( -> ...d2)} 42. Ke1 Bg4 43. f6+ Kf7 (43... Kg8 $142 44. Kd2 Bh3 45. Kxd3 g2) 44. g6+ Kg8 45. Kd2 Bh5 46. g7 {[%cal Oh4f5] [#] Threatening mate with Nf5!} Bf7 47. Kxd3 Bxa2 48. Ke3 Bd5 49. Nf5 {Intending Ne7+ and mate.} Be6 50. Nxg3 {Weighted Error Value: White=0.29 (precise) /Black=0.64} 1-0

[Event "Lliga Catalana DH 2023"]
[Site "Catalonia"]
[Date "2023.02.11"]
[Round "4.10"]
[White "Jareno Badenas, Aleix"]
[Black "Volkov, Vladimir."]
[Result "1-0"]
[ECO "A08"]
[WhiteElo "2110"]
[BlackElo "1990"]
[Annotator "TA"]
[PlyCount "41"]
[EventDate "2023.01.24"]
[EventType "team-tourn"]
[EventCountry "ESP"]
[SourceTitle "playchess.com"]
[Source "ChessBase"]
[SourceQuality "1"]
[TimeControl "40/5400+30:1800+30"]

1. Nf3 Nf6 2. g3 e6 3. Bg2 d5 4. O-O c5 5. d3 Nbd7 ({Black should play} 5... Be7 $11) 6. Nbd2 {[%emt 0:00:51] A08: King's Indian Attack.} Be7 7. e4 dxe4 8. dxe4 {[%emt 0:00:06] White is slightly better.} O-O 9. e5 Nd5 10. a3 ({Better is} 10. c4 $16) 10... Qc7 (10... b5 $11 {remains equal.}) 11. c4 $16 N5b6 {[%emt 0:00:48] [#]} 12. Re1 $146 ({Predecessor:} 12. Qe2 Rd8 13. h4 Nf8 14. Re1 Bd7 15. h5 Bc6 16. Ne4 Nbd7 17. Bf4 a6 18. Nc3 {1-0 Valdes Romero,L (2359)-Ustariz,C (2141) Central America-chT 7th 2001 (4)}) 12... Rd8 13. Qc2 Nf8 14. h4 Bd7 15. Ne4 Bc6 16. Bf4 Ng6 17. Neg5 h6 $2 {[%emt 0:05:35][%mdl 8192] [#] Black cannot hold the game after this.} (17... Bxg5 $11 {and Black has nothing to worry.} 18. Bxg5 Rf8) 18. Nxe6 $1 $18 {[%emt 0:02:26][%mdl 576] Deflection} fxe6 (18... Qd7 19. Nxd8) 19. Qxg6 Be8 20. Qxe6+ Bf7 {[%emt 0:01:09] [#]} (20... Kh8 $142 21. Bxh6 Qd7 22. Qxd7 Bxd7) 21. Qxf7+ $3 {[%emt 0:02:27][%mdl 576] Remove Defender, Clearance.   Weighted Error Value: White=0.12 (very precise) /Black=0.63} 1-0

[Event "Lliga Catalana DH 2023"]
[Site "Catalonia"]
[Date "2023.02.11"]
[Round "4.10"]
[White "Mas Mestres, Jordi"]
[Black "Ano Pla, Gerard"]
[Result "0-1"]
[ECO "B33"]
[WhiteElo "1818"]
[BlackElo "2190"]
[Annotator "TA"]
[PlyCount "93"]
[EventDate "2023.01.24"]
[EventType "team-tourn"]
[EventCountry "ESP"]
[SourceTitle "playchess.com"]
[Source "ChessBase"]
[SourceQuality "1"]
[TimeControl "40/5400+30:1800+30"]

1. e4 c5 2. Nf3 Nc6 3. d4 cxd4 4. Nxd4 Nf6 5. Nc3 e5 6. Ndb5 d6 7. Bg5 a6 8. Na3 b5 9. Bxf6 gxf6 10. Nd5 Bg7 11. g3 Ne7 12. Nxe7 {B33: Sicilian: Pelikan and Sveshnikov Variations.} Qxe7 {[#]} 13. Qd5 $146 (13. Bg2 $11) ({Predecessor:} 13. Bg2 d5 14. exd5 Qb4+ 15. c3 Qxb2 16. Nc2 Qxc3+ 17. Kf1 Bg4 18. Qxg4 Qxc2 19. Qxg7 Ke7 20. d6+ Ke6 21. Bxa8 Rxa8 22. Qg4+ f5 23. Qf3 Rc8 24. Qb3+ {1-0 Sjugirov,S (2663)-Paravyan,D (2647) Titled Arena 2nd Jan blitz 2021}) 13... Bb7 $19 14. Qd3 (14. Qb3 {is a better defense.}) 14... f5 15. Bg2 Rd8 16. O-O fxe4 17. Bxe4 d5 18. Bg2 e4 19. Qb3 O-O {Black is more active.} 20. c3 Qc5 (20... d4 $17 {White must now prevent ...Bd5.} 21. cxd4 Bxd4) 21. Rad1 (21. Nc2 $15) 21... Kh8 22. Nc2 f5 23. Nd4 Bc8 {Prevents Ne6.} 24. Ne2 Be5 25. Kh1 Be6 (25... f4 $17 {Threatens to win with ...f3.} 26. gxf4 Bxf4 27. Nxf4 Rxf4) 26. Nd4 $15 Bxd4 27. Rxd4 Rd6 28. Qd1 a5 29. Qd2 (29. f3 $5 Rd7 30. g4 $14) 29... Rb6 30. b4 axb4 31. Rxb4 Rc8 32. Rc1 Rbc6 {[%cal Oc5b4] [#] aiming for ...Qxb4!} 33. Bf1 Rb6 (33... Qxb4 $2 34. cxb4 Rxc1 35. Kg2 $18) (33... e3 $1 $11 34. Qxe3 Qxe3 35. fxe3 Rxc3 36. Rxc3 Rxc3) 34. Qf4 {[%cal Ob4b5] Hoping for Rxb5!} (34. Kg1 {is interesting.} Rbb8 35. Qh6 Bd7 36. Rd1) 34... Qd6 35. Qe3 ({Don't play} 35. Bxb5 d4 36. Qg5 Bd5 $15) (35. Rxb5 Qxf4 36. gxf4 Rxb5 37. Bxb5 d4 $17) 35... Qc5 {[#]} 36. Qf4 (36. a4 $1 $16) 36... Qc7 37. Qe3 ({But not} 37. Bxb5 Qxf4 38. gxf4 Bf7 $11) (37. Qxc7 {simplifies} Rxc7 38. a4 d4 39. Rxd4 bxa4 40. Rxa4 Kg7 41. c4) 37... Rc6 38. Qd4+ Qg7 {...Qxd4 would be deadly.} 39. Qxg7+ (39. Qd2 $11 {remains equal.}) 39... Kxg7 $17 40. Bxb5 Rxc3 41. Rxc3 Rxc3 $11 {[%mdl 4096] Endgame KRB-KRB} 42. a4 (42. Kg1 $17) 42... Ra3 43. Bc6 (43. Ba6 {keeps fighting.}) 43... Kf6 $19 44. Kg2 $2 (44. Bb7 {was called for.}) 44... Ke5 45. Rb5 {Black has a decisive advantage.} f4 ({Not} 45... Rxa4 46. Rxd5+ Bxd5 47. Bxa4 $11) 46. gxf4+ Kxf4 {( -> ...Bh3+)} 47. Bxd5 $2 {Weighted Error Value: White=0.39/Black=0.20 (precise)} (47. h3 $19) 0-1